 Dungeon Crawl Stone Soup version 0.31-a0-258-gd316b798dc (webtiles) character file.

Game seed: 8717229553191312505

32991 qw the Marksminotaur (level 13, -8/122 HPs)
             Began as a Minotaur Hexslinger on July 13, 2023.
             Was a High Priest of Okawaru.
             Mangled by a death yak (21 damage)
             ... on level 5 of the Lair of Beasts.
             The game lasted 00:06:39 (12966 turns).

qw the Marksminotaur (Minotaur Hexslinger)         Turns: 12966, Time: 00:06:40

Health: -8/122     AC: 12    Str: 12    XL:     13   Next: 34%
Magic:  16/19      EV: 27    Int: 10    God:    Okawaru [*****.]
Gold:   574        SH:  0    Dex: 19    Spells: 13/14 levels left

rFire   + . .        Y - +0 orcbow
rCold   . . .        (shield currently unavailable)
rNeg    . . .        c - +0 steam dragon scales
rPois   .            (helmet restricted)
rElec   .            b - +1 cloak {Will+}
rCorr   .            (no gloves)
SInv    .            r - +1 pair of boots {Stlth+}
Will    +....        e - amulet of regeneration
Stlth   ++++         p - +5 ring of evasion
HPRegen 1.20/turn    l - ring of protection from fire
MPRegen 0.16/turn

%: no passive effects
@: heroic, finesse-ful
A: horns 2, retaliatory headbutt
a: Renounce Religion, Heroism, Finesse, Duel


You were on level 5 of the Lair of Beasts.
You worshipped Okawaru.
Okawaru was extremely pleased with you.
You visited 3 branches of the dungeon, and saw 14 of its levels.

You collected 934 gold pieces.
You spent 360 gold pieces at shops.


Innate Abilities, Weirdness & Mutations

You have a pair of horns on your head.
You reflexively headbutt those who attack you in melee.


   Skills:
 - Level 13.0(18.0) Fighting
 - Level 16.0(21.0) Ranged Weapons
 + Level 6.3(11.3) Armour
 - Level 10.0(15.0) Dodging
 - Level 1.0 Spellcasting
 - Level 2.0 Hexes
 - Level 10.0 Invocations


You had 13 spell levels left.
You knew the following spells:

 Your Spells              Type           Power      Damage    Failure   Level
a - Slow                  Hex            16%        N/A       16%         1

Your spell library contained the following spells:

 Spells                   Type           Power      Damage    Failure   Level
 Inner Flame              Hex/Fire       2%         N/A       56%         3
 Portal Projectile        Hex/Tloc       4%         N/A       56%         3
 Cause Fear               Hex            2%         N/A       83%         4

Inventory:

Hand Weapons
 h - a +1 antimagic longbow
 Y - a +0 orcbow (weapon)
Armour
 b - a +1 cloak of willpower (worn)
 c - +0 steam dragon scales (worn)
 r - a +1 pair of boots of stealth (worn)
Jewellery
 e - an amulet of regeneration (around neck)
 i - a ring of ice
 l - a ring of protection from fire (right hand)
 p - a +5 ring of evasion (left hand)
Scrolls
 m - 3 scrolls of identify
Potions
 a - a potion of haste
 d - 4 potions of curing
 f - 5 potions of enlightenment
 g - a potion of magic
 n - 2 potions of mutation
 q - a potion of might

Dungeon Overview and Level Annotations

Branches:
Dungeon (8/15)             Temple (1/1) D:5            Lair (5/5) D:8
 Shoals (0/4) Lair:3       Spider (0/4) Lair:3
  Slime: Lair:4-5

Altars:
Ashenzari
Cheibriados
Dithmenos
Elyvilon
Fedhas
Gozag
Hepliaklqana
Kikubaaqudgha
Makhleb
Nemelex Xobeh
Okawaru
Qazlal
Ru
Sif Muna
Trog
Uskayaw
Vehumet
Wu Jian
Xom
Yredelemnul
The Shining One

Shops:
D:1 =   D:4 (   D:5 [   D:6 *

Annotations:
D:4 3 runed translucent doors, qw's ghost, amateur MiHs
D:5 3 runed translucent doors, qw's ghost, novice GrHs
D:8 exclusion: 2 orcs


Message History

The arrow hits the plant.
The plant is lightly damaged.
A nearby plant withers and dies.
You shoot an arrow. The arrow hits the death yak.
The death yak is lightly wounded.
You shoot an arrow. The arrow hits the death yak.
The death yak is lightly wounded.
You shoot an arrow.
The arrow hits the death yak but does no damage.
The death yak is lightly wounded.
A death yak comes into view.
You shoot an arrow. The arrow hits the death yak.
The death yak is lightly wounded.
You shoot an arrow. The arrow hits the death yak!
The death yak is moderately wounded.
You shoot an arrow. The arrow hits the blink frog!!
The blink frog is almost dead.
A nearby plant withers and dies.
A death yak comes into view.
The blink frog completely misses you.
You shoot an arrow. The arrow hits the blink frog!!
You kill the blink frog!
Okawaru accepts your kill.
You shoot an arrow.
The arrow hits the death yak but does no damage.
The death yak is moderately wounded.
A death yak comes into view.
The death yak gores you!!
You hear an angry hiss.
You shoot an arrow. The death yak bellows!
The arrow hits the death yak!
The death yak is heavily wounded.
You shoot an arrow.
The arrow completely misses the death yak.
The arrow hits the death yak but does no damage.
You shoot an arrow. The arrow hits the death yak.
The death yak is heavily wounded.
The death yak gores you!!
You die...

..... #. .....
..# .. l....
#..## .. .....
## ....# .# P.
..(.. ##.
#....## .F# P.
...Y. ##..
......# ...# ..
..P.. ##...
##......# ..F.#
P# ##PP..
#..P...P. .....#
#
#..PP.##@%......
#P.PF.##
#....%%.Y......
........
#.....#.P......
..<...F.
#.#...####.....#
.#...#%. ...%.%#
..Y.## ##..ยค##
...... !.P.#
#..... .....
..Y.. .....
#.#.. ..Y..
..... # #. ....
#


You could see 4 death yaks.

Vanquished Creatures
  4 hydras
  A two-headed ogre (D:8)
  3 death yaks (Lair:1)
  Amaemon (Lair:3)
  A skyshark (Lair:3)
  A lindwurm (Lair:5)
  4 elephants (Lair:5)
  A torpor snail (Lair:2)
  An orange demon (Lair:3)
  3 black mambas
  9 cane toads
  Maggie (D:6)
  9 komodo dragons
  9 rime drakes
  2 hornets
  18 blink frogs
  Sigmund (D:5)
  A shadow (D:7)
  7 wyverns
  32 yaks
  A redback (Lair:3)
  3 basilisks
  Menkaure (D:7)
  Duvessa (D:7)
  11 water moccasins
  An ice beast (D:7)
  2 orc warriors
  A sky beast (D:8)
  3 black bears
  7 wolves
  3 ogres
  2 centaurs
  A phantom (D:5)
  16 bullfrogs
  7 scorpions
  4 wights (D:8)
  Dowan (D:7)
  6 killer bees (D:8)
  A howler monkey (D:4)
  2 orc priests
  6 hounds
  2 jellies (D:5)
  5 iguanas
  A sleepcap (D:6)
  5 orc wizards
  5 hell rats (Lair:2)
  7 gnolls
  4 river rats (Lair:2)
  16 adders
  A shadow imp (D:6)
  A white imp (D:6)
  2 ufetubi
  2 worms
  A dart slug (D:2)
  22 orcs
  12 endoplasms
  2 giant cockroaches (D:2)
  9 goblins
  5 hobgoblins
  2 jackals (D:3)
  4 kobolds
  5 quokkas
  6 ball pythons
  6 bats
  4 frilled lizards
  9 rats
327 creatures vanquished.

Notes
Turn   | Place    | Note
-------+----------+-------------------------------------------
     0 | D:1      | qw the Minotaur Hexslinger began the quest for the Orb.
     0 | D:1      | Reached XP level 1. HP: 16/16 MP: 1/1
     0 | D:1      | Noticed a draconian
     0 | D:1      | 0 ||| qw: Version: 0.3-a-52-g30416fa
     0 | D:1      | 0 ||| qw: Game counter: 6819
     0 | D:1      | 0 ||| qw: Melee chars always use a shield: true
     0 | D:1      | 0 ||| qw: God list: Okawaru
     0 | D:1      | 0 ||| qw: Allow faded altars: false
     0 | D:1      | 0 ||| qw: Do Orc after clearing Dungeon:15 true
     0 | D:1      | 0 ||| qw: Do second Lair branch before Depths: true
     0 | D:1      | 0 ||| qw: Lair rune preference: random
     0 | D:1      | 0 ||| qw: Goals: Normal
     0 | D:1      | 0 ||| PLANNING D:1-11
     1 | D:1      | Noticed a vampire
     4 | D:1      | Noticed a ghoul
     7 | D:1      | Noticed an elf
     8 | D:1      | Noticed a spriggan
     9 | D:1      | Noticed an ogre
    11 | D:1      | Noticed a felid
    11 | D:1      | Noticed a felid
    13 | D:1      | Noticed a demonspawn
    13 | D:1      | Noticed a demigod
    15 | D:1      | Noticed a human
    15 | D:1      | Noticed a naga
    15 | D:1      | Noticed a barachi
    17 | D:1      | Noticed a vampire
    17 | D:1      | Noticed a formicid
    19 | D:1      | Noticed a gargoyle
    21 | D:1      | Noticed a ghoul
    79 | D:1      | Found Seffill's One-of-a-Kind Rings.
    83 | D:1      | 83 ||| SHOPLISTING +1 ring of evasion (28 gold, have 22).
    83 | D:1      | 83 ||| SHOPLISTING +2 ring of slaying (294 gold, have 22).
    83 | D:1      | 83 ||| SHOPLISTING +4 ring of dexterity (210 gold, have
                  | 22).
    83 | D:1      | 83 ||| SHOPLISTING +4 ring of strength (210 gold, have 22).
    83 | D:1      | 83 ||| SHOPLISTING +7 ring of strength (630 gold, have 22).
    83 | D:1      | 83 ||| SHOPLISTING +9 ring of dexterity (1092 gold, have
                  | 22).
    83 | D:1      | 83 ||| SHOPLISTING ring of Roaculel {rN+ Will+} (456 gold,
                  | have 22).
   157 | D:1      | Reached skill level 3 in Ranged Weapons
   162 | D:1      | Reached XP level 2. HP: 23/23 MP: 2/2
   650 | D:1      | 650 ||| UPGRADING to +0 ring mail.
   660 | D:1      | 660 ||| DROPPING +0 robe.
   661 | D:1      | 661 ||| UPGRADING to +0 pair of boots.
   666 | D:1      | 666 ||| READING scroll labelled GAUWOEXT OTHRAST.
   667 | D:1      | 667 ||| READING scroll labelled ZEABISK PEZE.
   768 | D:1      | 768 ||| DRINKING 3 brown potions.
   769 | D:1      | 769 ||| DROPPING scroll of poison.
   826 | D:2      | Reached XP level 3. HP: 29/29 MP: 3/3
  1054 | D:2      | Reached skill level 4 in Ranged Weapons
  1079 | D:2      | 1079 ||| FLEEEEING.
  1361 | D:2      | 1361 ||| READING scroll labelled KIROIROSEA.
  1362 | D:2      | 1362 ||| READING scroll labelled MEUNOS ITOIGO.
  1362 | D:2      | Identified a scroll of acquirement
  1362 | D:2      | 1362 ||| ACQUIRING +0 arbalest of freezing
  1362 | D:2      | Acquired a +0 arbalest of freezing
  1364 | D:2      | 1364 ||| SWAPPING to +0 arbalest of freezing.
  1365 | D:2      | 1365 ||| DROPPING +1 sling.
  1366 | D:2      | 1366 ||| DRINKING 2 blue potions.
  1367 | D:2      | 1367 ||| DRINKING 2 coppery potions.
  1423 | D:3      | Identified the +0 robe of Qamnei Jeasa {rC+}
  1492 | D:3      | Reached skill level 1 in Armour
  1500 | D:3      | 1500 ||| FLEEEEING.
  1539 | D:3      | Reached XP level 4. HP: 36/36 MP: 4/4
  1544 | D:3      | Found a shimmering blue altar of Sif Muna.
  1819 | D:3      | Found a faded altar of an unknown god.
  2042 | D:3      | 2042 ||| UPGRADING to +0 robe of Qamnei Jeasa {rC+}.
  2052 | D:3      | 2052 ||| READING 2 scrolls labelled LUHENO MAMOO.
  2053 | D:3      | 2053 ||| READING scroll labelled VADUUPHIVI.
  2057 | D:3      | 2057 ||| DROPPING scroll of revelation.
  2070 | D:4      | 2070 ||| PLANNING SEWER
  2073 | D:4      | Noticed a scorpion
  2075 | D:4      | Killed a scorpion
  2076 | D:4      | Reached skill level 5 in Ranged Weapons
  2076 | D:4      | Reached XP level 5. HP: 40/41 MP: 5/5
  2130 | D:4      | Found Guseshro's Antique Weapon Emporium.
  2176 | D:4      | Reached skill level 3 in Fighting
  2176 | D:4      | HP: 11/45 [poisoned by a scorpion]
  2181 | D:4      | HP: 7/45 [poisoned by a scorpion]
  2358 | D:4      | Reached skill level 6 in Ranged Weapons
  2361 | D:4      | Reached XP level 6. HP: 52/52 MP: 6/6
  2474 | D:4      | Found a runed translucent gate.
  2581 | D:4      | Found a runed translucent gate.
  2581 | D:4      | Found an opulent altar of Gozag.
  2582 | D:4      | Found a runed translucent gate.
  2583 | D:4      | Noticed qw's ghost (amateur MiHs)
  2629 | D:4      | 2629 ||| FLEEEEING.
  2632 | D:4      | 2632 ||| FLEEEEING.
  2641 | D:4      | 2641 ||| STAIRDANCE
  2672 | D:3      | 2672 ||| UPGRADING to +5 ring of evasion.
  2673 | D:3      | 2673 ||| READING scroll labelled TIXZIB EK NEDAI.
  2730 | D:4      | Reached skill level 7 in Ranged Weapons
  2765 | D:4      | Reached XP level 7. HP: 59/59 MP: 7/7
  2775 | D:4      | 2775 ||| RIP SEWER
  2796 | D:4      | 2796 ||| PLANNING D:1-11
  3117 | D:4      | 3117 ||| READING scroll labelled SETIR PUCENEN.
  3118 | D:4      | 3118 ||| READING 2 scrolls of identify.
  3118 | D:4      | 3118 ||| IDENTIFYING smoky green potion
  3132 | D:5      | Entered Level 5 of the Dungeon
  3174 | D:5      | Reached skill level 8 in Ranged Weapons
  3215 | D:5      | Reached skill level 3 in Dodging
  3287 | D:5      | 3287 ||| READING 2 scrolls of acquirement.
  3287 | D:5      | 3287 ||| ACQUIRING +1 antimagic longbow
  3287 | D:5      | Acquired a +1 antimagic longbow
  3289 | D:5      | 3289 ||| SWAPPING to +1 antimagic longbow.
  3290 | D:5      | 3290 ||| DROPPING +0 arbalest of freezing.
  3291 | D:5      | 3291 ||| READING scroll of acquirement.
  3291 | D:5      | 3291 ||| ACQUIRING ring of protection from fire
  3291 | D:5      | Acquired a ring of protection from fire
  3367 | D:5      | Found a runed translucent door.
  3367 | D:5      | Noticed qw's ghost (novice GrHs)
  3398 | D:5      | Noticed Sigmund
  3414 | D:5      | Killed Sigmund
  3415 | D:5      | Reached skill level 9 in Ranged Weapons
  3415 | D:5      | Reached XP level 8. HP: 58/68 MP: 2/8
  3522 | D:5      | Found a staircase to the Ecumenical Temple.
  3523 | D:5      | 3523 ||| PLANNING TEMPLE
  3524 | D:5      | 3524 ||| UPGRADING to ring of protection from fire.
  3525 | D:5      | 3525 ||| READING scroll labelled AROR RAGEMAFIU.
  3526 | D:5      | 3526 ||| DRINKING 2 green potions.
  3552 | D:5      | 3552 ||| DROPPING potion of lignification.
  3561 | Temple   | Entered the Ecumenical Temple
  3624 | Temple   | 3624 ||| PLANNING OKAWARU WORSHIP
  3857 | Temple   | Became a worshipper of Warmaster Okawaru
  3858 | Temple   | 3858 ||| PLANNING D:1-11
  3967 | D:5      | Reached skill level 6 in Fighting
  3967 | D:5      | 3967 ||| FLEEEEING.
  3968 | D:5      | 3968 ||| FLEEEEING.
  3969 | D:5      | 3969 ||| FLEEEEING.
  3970 | D:5      | 3970 ||| FLEEEEING.
  3971 | D:5      | 3971 ||| FLEEEEING.
  3972 | D:5      | 3972 ||| FLEEEEING.
  3973 | D:5      | 3973 ||| FLEEEEING.
  3974 | D:5      | 3974 ||| FLEEEEING.
  3975 | D:5      | 3975 ||| FLEEEEING.
  3976 | D:5      | 3976 ||| FLEEEEING.
  3977 | D:5      | 3977 ||| FLEEEEING.
  3978 | D:5      | 3978 ||| FLEEEEING.
  3979 | D:5      | 3979 ||| FLEEEEING.
  4023 | D:5      | Found Fiok's Antique Armour Shoppe.
  4064 | D:5      | Found a runed translucent door.
  4066 | D:5      | Found a runed translucent door.
  4214 | D:5      | 4214 ||| BUYING glowing cloak (165 gold).
  4214 | D:5      | Bought a glowing cloak for 165 gold pieces
  4214 | D:5      | 4214 ||| SHOPLISTING glowing scarf (176 gold, have 168).
  4214 | D:5      | 4214 ||| BUYING pair of embroidered boots (165 gold).
  4214 | D:5      | Bought a pair of embroidered boots for 165 gold pieces
  4299 | D:5      | 4299 ||| UPGRADING to +1 cloak of willpower.
  4304 | D:5      | 4304 ||| UPGRADING to +1 pair of boots of stealth.
  4314 | D:5      | 4314 ||| DROPPING +0 pair of boots.
  4315 | D:5      | 4315 ||| READING scroll labelled KONGAQO MEFOM.
  4331 | D:6      | 4331 ||| STAIRDANCE
  4384 | D:6      | 4384 ||| STAIRDANCE
  4451 | D:6      | 4451 ||| STAIRDANCE
  4512 | D:6      | Reached skill level 10 in Ranged Weapons
  4797 | D:6      | Found a radiant altar of Vehumet.
  4797 | D:6      | Found an opulent altar of Gozag.
  4871 | D:6      | 4871 ||| SWAPPING to +0 orcbow.
  4895 | D:6      | 4895 ||| FLEEEEING.
  4896 | D:6      | 4896 ||| FLEEEEING.
  4898 | D:6      | 4898 ||| FLEEEEING.
  4899 | D:6      | 4899 ||| FLEEEEING.
  4900 | D:6      | 4900 ||| STAIRDANCE
  4939 | D:5      | 4939 ||| READING 2 scrolls of identify.
  4939 | D:5      | 4939 ||| IDENTIFYING silvery potion
  4940 | D:5      | 4940 ||| DROPPING potion of degeneration.
  4963 | D:6      | Found Efuseil's General Store.
  4969 | D:6      | Noticed Maggie
  4992 | D:6      | Killed Maggie
  4992 | D:6      | Reached * piety under Okawaru
  4993 | D:6      | Reached XP level 9. HP: 47/81 MP: 9/9
  4993 | D:6      | 4993 ||| INVOKING Heroism.
  4999 | D:6      | 4999 ||| FLEEEEING.
  5000 | D:6      | 5000 ||| FLEEEEING.
  5001 | D:6      | 5001 ||| FLEEEEING.
  5002 | D:6      | 5002 ||| FLEEEEING.
  5011 | D:6      | 5011 ||| STAIRDANCE
  5161 | D:6      | 5161 ||| SHOPLISTING +4 ring of protection (360 gold, have
                  | 41).
  5161 | D:6      | 5161 ||| BUYING scroll of teleportation (30 gold).
  5161 | D:6      | Bought a scroll of teleportation for 30 gold pieces
  5332 | D:6      | 5332 ||| INVOKING Heroism.
  5616 | D:6      | 5616 ||| UPGRADING to +0 steam dragon scales.
  5626 | D:6      | 5626 ||| DROPPING +0 ring mail.
  5627 | D:6      | 5627 ||| DROPPING +0 robe of Qamnei Jeasa {rC+}.
  5628 | D:6      | 5628 ||| READING 2 scrolls of identify.
  5628 | D:6      | 5628 ||| IDENTIFYING inky potion
  5629 | D:6      | 5629 ||| DROPPING potion of invisibility.
  5878 | D:7      | Reached skill level 1 in Invocations
  5883 | D:7      | Noticed Menkaure
  5884 | D:7      | 5884 ||| INVOKING Heroism.
  5889 | D:7      | Killed Menkaure
  5890 | D:7      | Reached skill level 3 in Armour
  6082 | D:7      | 6082 ||| INVOKING Heroism.
  6198 | D:7      | Noticed Duvessa
  6199 | D:7      | 6199 ||| INVOKING Heroism.
  6200 | D:7      | Noticed Dowan
  6216 | D:7      | Killed Duvessa
  6217 | D:7      | Killed Dowan
  6218 | D:7      | Reached skill level 3 in Invocations
  6317 | D:7      | Found a basalt altar of Yredelemnul.
  6349 | D:7      | 6349 ||| INVOKING Heroism.
  6502 | D:7      | 6502 ||| INVOKING Heroism.
  6588 | D:7      | 6588 ||| DRINKING 2 fuming sapphire potions.
  6589 | D:7      | 6589 ||| DROPPING potion of attraction.
  6656 | D:8      | Reached skill level 11 in Ranged Weapons
  6998 | D:8      | Paralysed by a hornet for 3 turns
  7001 | D:8      | 7001 ||| INVOKING Heroism.
  7004 | D:8      | HP: 19/81 [poisoned by a hornet]
  7208 | D:8      | Found a staircase to the Lair.
  7228 | D:8      | Noticed a two-headed ogre
  7229 | D:8      | 7229 ||| INVOKING Heroism.
  7243 | D:8      | Killed a two-headed ogre
  7243 | D:8      | Reached ** piety under Okawaru
  7244 | D:8      | Reached skill level 12 in Ranged Weapons
  7244 | D:8      | Reached XP level 10. HP: 46/88 MP: 10/12
  7455 | D:8      | 7455 ||| DRINKING 3 dark potions.
  7465 | D:8      | 7465 ||| DROPPING 2 potions of berserk rage.
  7630 | D:8      | 7630 ||| INVOKING Heroism.
  7814 | D:8      | 7814 ||| INVOKING Heroism.
  7816 | D:8      | Reached skill level 6 in Dodging
  7819 | D:8      | HP: 21/88 [poisoned by a killer bee]
  7820 | D:8      | 7820 ||| READING 3 scrolls of teleportation.
  7821 | D:8      | 7821 ||| DRINKING 2 potions of heal wounds.
  7827 | D:8      | HP: 21/88 [poisoned by a killer bee]
  8300 | D:7      | 8300 ||| PLANNING LAIR
  8331 | Lair:1   | Entered Level 1 of the Lair of Beasts
  8337 | Lair:1   | Noticed a cane toad
  8338 | Lair:1   | 8338 ||| INVOKING Heroism.
  8350 | Lair:1   | HP: 18/88 [rime drake/icy flash freeze (17)]
  8351 | Lair:1   | 8351 ||| READING 2 scrolls of teleportation.
  8351 | Lair:1   | Killed a cane toad
  8352 | Lair:1   | 8352 ||| DRINKING potion of heal wounds.
  8356 | Lair:1   | Reached skill level 13 in Ranged Weapons
  8382 | Lair:1   | 8382 ||| INVOKING Heroism.
  8520 | Lair:1   | 8520 ||| INVOKING Heroism.
  8526 | Lair:1   | Reached skill level 9 in Fighting
  8595 | Lair:1   | Noticed a death yak
  8596 | Lair:1   | 8596 ||| INVOKING Heroism.
  8598 | Lair:1   | Noticed a death yak
  8600 | Lair:1   | Noticed a death yak
  8611 | Lair:1   | Killed a death yak
  8617 | Lair:1   | HP: 14/91 [death yak (10)]
  8618 | Lair:1   | 8618 ||| READING 2 scrolls of teleportation.
  8621 | Lair:1   | Killed a death yak
  8622 | Lair:1   | HP: 6/91 [death yak (10)]
  8624 | Lair:1   | 8624 ||| READING scroll of teleportation.
  8900 | Lair:1   | 8900 ||| INVOKING Heroism.
  8909 | Lair:1   | Killed a death yak
  8909 | Lair:1   | Reached *** piety under Okawaru
  8910 | Lair:1   | Reached skill level 14 in Ranged Weapons
  8910 | Lair:1   | Reached XP level 11. HP: 92/97 MP: 11/13
  9344 | Lair:1   | 9344 ||| DRINKING 2 pink potions.
  9345 | Lair:1   | 9345 ||| READING 3 scrolls of identify.
  9345 | Lair:1   | 9345 ||| IDENTIFYING amethyst potion
  9346 | Lair:1   | 9346 ||| READING 2 scrolls of identify.
  9346 | Lair:1   | 9346 ||| IDENTIFYING lumpy golden potion
  9347 | Lair:1   | 9347 ||| DROPPING potion of brilliance.
  9360 | Lair:2   | 9360 ||| INVOKING Heroism.
  9395 | Lair:2   | 9395 ||| FLEEEEING.
  9396 | Lair:2   | 9396 ||| STAIRDANCE
  9494 | Lair:2   | 9494 ||| INVOKING Heroism.
  9558 | Lair:2   | 9558 ||| INVOKING Heroism.
  9599 | Lair:2   | 9599 ||| INVOKING Heroism.
  9677 | Lair:2   | 9677 ||| INVOKING Heroism.
  9745 | Lair:2   | 9745 ||| INVOKING Heroism.
  9755 | Lair:2   | Reached skill level 15 in Ranged Weapons
  9807 | Lair:2   | 9807 ||| FLEEEEING.
  9808 | Lair:2   | 9808 ||| FLEEEEING.
  9809 | Lair:2   | 9809 ||| FLEEEEING.
  9810 | Lair:2   | 9810 ||| FLEEEEING.
  9904 | Lair:2   | 9904 ||| FLEEEEING.
  9950 | Lair:2   | 9950 ||| INVOKING Heroism.
 10060 | Lair:2   | 10060 ||| INVOKING Heroism.
 10173 | Lair:2   | Reached **** piety under Okawaru
 10201 | Lair:2   | 10201 ||| INVOKING Heroism.
 10244 | Lair:2   | 10244 ||| INVOKING Heroism.
 10457 | Lair:2   | 10457 ||| INVOKING Heroism.
 10516 | Lair:2   | Reached XP level 12. HP: 106/106 MP: 15/15
 10900 | Lair:2   | 10900 ||| UPGRADING to amulet of regeneration.
 10905 | Lair:2   | 10905 ||| READING scroll labelled IKISTO LUQOIKI.
 10950 | Lair:3   | Reached skill level 6 in Invocations
 10957 | Lair:3   | Reached skill level 16 in Ranged Weapons
 11082 | Lair:3   | Reached ***** piety under Okawaru
 11088 | Lair:3   | Found a hole to the Spider Nest.
 11102 | Lair:3   | Noticed Amaemon
 11103 | Lair:3   | 11103 ||| Stepping ~*~*~tactically~*~*~ (outnumbered).
 11105 | Lair:3   | 11105 ||| Stepping ~*~*~tactically~*~*~ (outnumbered).
 11106 | Lair:3   | 11106 ||| Stepping ~*~*~tactically~*~*~ (outnumbered).
 11107 | Lair:3   | 11107 ||| INVOKING Heroism.
 11128 | Lair:3   | Killed Amaemon
 11299 | Lair:3   | 11299 ||| INVOKING Heroism.
 11436 | Lair:3   | 11436 ||| INVOKING Heroism.
 11556 | Lair:3   | Found a staircase to the Shoals.
 11838 | Lair:3   | 11838 ||| DRINKING 2 ruby potions.
 11867 | Lair:4   | Received a gift from Okawaru
 11868 | Lair:4   | 11868 ||| STAIRDANCE
 11881 | Lair:4   | 11881 ||| STAIRDANCE
 11883 | Lair:3   | 11883 ||| INVOKING Heroism.
 11952 | Lair:4   | 11952 ||| INVOKING Heroism.
 11967 | Lair:4   | Reached skill level 9 in Dodging
 12003 | Lair:4   | Noticed a six-headed hydra
 12004 | Lair:4   | 12004 ||| INVOKING Heroism.
 12015 | Lair:4   | 12015 ||| FLEEEEING.
 12019 | Lair:4   | 12019 ||| INVOKING Heroism.
 12034 | Lair:4   | Killed a six-headed hydra
 12232 | Lair:4   | Noticed a five-headed hydra
 12233 | Lair:4   | 12233 ||| INVOKING Heroism.
 12242 | Lair:4   | Killed a five-headed hydra
 12243 | Lair:4   | Reached skill level 9 in Invocations
 12561 | Lair:4   | 12561 ||| READING 4 scrolls of identify.
 12561 | Lair:4   | 12561 ||| IDENTIFYING glowing yellow potion
 12562 | Lair:4   | 12562 ||| DROPPING potion of ambrosia.
 12577 | Lair:5   | Entered Level 5 of the Lair of Beasts
 12578 | Lair:5   | 12578 ||| PLANNING GAUNTLET
 12583 | Lair:5   | 12583 ||| INVOKING Heroism.
 12589 | Lair:5   | Reached skill level 12 in Fighting
 12599 | Lair:5   | 12599 ||| Stepping ~*~*~tactically~*~*~ (outnumbered).
 12611 | Lair:5   | Reached skill level 6 in Armour
 12646 | Lair:5   | Reached XP level 13. HP: 113/118 MP: 19/19
 12707 | Lair:5   | 12707 ||| INVOKING Heroism.
 12831 | Lair:5   | 12831 ||| INVOKING Heroism.
 12850 | Lair:5   | HP: 26/118 [blink frog (13)]
 12851 | Lair:5   | 12851 ||| READING 2 scrolls of teleportation.
 12855 | Lair:5   | Found a glowing golden altar of the Shining One.
 12855 | Lair:5   | HP: 26/118 [poisoned by a hornet]
 12856 | Lair:5   | 12856 ||| READING scroll of teleportation.
 12878 | Lair:5   | 12878 ||| INVOKING Heroism.
 12897 | Lair:5   | HP: 25/118 [wyvern (14)]
 12904 | Lair:5   | HP: 14/119 [lindwurm (4)]
 12905 | Lair:5   | HP: 5/119 [lindwurm (4)]
 12917 | Lair:5   | 12917 ||| INVOKING Heroism.
 12917 | Lair:5   | HP: 3/119 [elephant (13)]
 12938 | Lair:5   | 12938 ||| INVOKING Finesse.
 12963 | Lair:5   | HP: 12/122 [death yak (24)]
 12966 | Lair:5   | Mangled by a death yak

Levels and vault maps discovered:
D:1:      shiori_arrival_whats_in_store_for_you, layout_loops_ring,
          nicolae_shop_unique_rings
D:2:      layout_loops_ring
D:3:      layout_loops_ring, lemuel_tele_altar, ebering_ecumenical_altar_hall
D:4:      layout_cave_pools, gup_sewer_entry_bowl, ebering_ghost_gozag,
          serial_shops, shop_coins, minmay_quadrilaterals
D:5:      lemuel_insect_pit, layout_rooms, minmay_temple_entry_gardened_gates,
          serial_shops, nicolae_shop_window_shopping, gammafunk_ghost_grave,
          st_stairs_10, uniq_sigmund
D:6:      layout_basic, gammafunk_temple_overflow_wave, serial_shops, shop,
          st_stairs_11, dreamdust_gnoll_farm, uniq_maggie
D:7:      layout_loops_ring, marbit_many_paths, uniq_menkaure, uniq_duvessa
D:8:      layout_gridville, dpeg_oklobed_lair, minivault_1
Temple:   minmay_temple_bridge_d
Lair:1:   layout_misc_corridors, serial_bayou_shore_b
Lair:2:   layout_chaotic_city, chequers_serial_rivers_micro_e,
          kennysheep_abandoned_house, serial_bayou_shore_a, grunt_megastairs_1
Lair:3:   layout_regular_city, elwin_shoals_entry_rocks,
          spider_nest_entry_rubble, uniq_amaemon, uniq_prince_ribbit2
Lair:4:   layout_misc_corridors, minmay_lair_drake_nest, grunt_megastairs_3
Lair:5:   hangedman_lair_tendril_chambers, layout_small_grid, wormcave,
          dpeg_slime_entry_corner, basic_altar, gauntlet_entry_generic,
          grunt_forest_small_clearing_treed, lemuel_fruit_fields

Skill      XL: |  1  2  3  4  5  6  7  8  9 10 11 12 13 |
---------------+----------------------------------------+-----
Ranged Weapons | 3 4 5 6 7 9 10 12 14 15 16 | 16.0
Fighting       | 2 3 4 5 8 9 10 12 13 | 13.0
Armour         | 1 3 5 6 |  6.3
Dodging        | 3 4 5 6 8 9 10 | 10.0
Invocations    | 4 5 9 10 | 10.0
Spellcasting   | |  1.0
Hexes          | |  2.0

Action                     |  1- 3 |  4- 6 |  7- 9 | 10-12 | 13-15 || total
---------------------------+-------+-------+-------+-------+-------++-------
   Fire: Sling             |    98 |       |       |       |       ||    98
         Arbalest          |    15 |   111 |    19 |       |       ||   145
         Longbow           |       |       |    87 |       |       ||    87
         Orcbow            |       |       |   200 |   796 |   185 ||  1181
 Invoke: Heroism           |       |       |     9 |    27 |     4 ||    40
         Finesse           |       |       |       |       |     1 ||     1
    Use: Scroll            |     4 |     3 |     8 |     8 |     2 ||    25
         Potion            |     3 |       |     2 |     5 |       ||    10
 Armour: Robe              |     4 |     4 |    12 |       |       ||    20
         Ring mail         |    10 |       |       |       |       ||    10
         Steam dragon scal |       |       |     8 |    85 |    16 ||   109
  Dodge: Dodged            |    24 |    57 |   127 |   493 |   158 ||   859

Table legend:
 A = Non-vault XP
 B = Vault XP
 C = Vault XP percentage of total XP
 D = Non-vault monster count
 E = Vault monster count
 F = Vault count percentage of total count
                 A         B        C        D         E       F
            +---------+---------+-------+---------+---------+-------
      Total |   38764 |    8367 |  17.8 |     268 |      59 |  18.0
            +---------+---------+-------+---------+---------+-------
        D:1 |      28 |       0 |   0.0 |      17 |       0 |   0.0
        D:2 |      55 |       0 |   0.0 |      17 |       0 |   0.0
        D:3 |      56 |       0 |   0.0 |      20 |       0 |   0.0
        D:4 |     559 |     191 |  25.5 |      32 |       9 |  22.0
        D:5 |     658 |     322 |  32.9 |      12 |       5 |  29.4
        D:6 |     608 |     644 |  51.4 |      13 |       7 |  35.0
        D:7 |     846 |     430 |  33.7 |      11 |       4 |  26.7
        D:8 |    2573 |       0 |   0.0 |      30 |       0 |   0.0
     Lair:1 |    4660 |       0 |   0.0 |      13 |       0 |   0.0
     Lair:2 |    8778 |    1991 |  18.5 |      38 |      19 |  33.3
     Lair:3 |    5268 |    1778 |  25.2 |      20 |       4 |  16.7
     Lair:4 |    4469 |    1286 |  22.3 |      13 |       4 |  23.5
     Lair:5 |   10206 |    1725 |  14.5 |      32 |       7 |  17.9
            +---------+---------+-------+---------+---------+-------
